[Event "Titled Tuesday Blitz April 26 Late 2022"]
[White "Veiga, Emerson de Sousa"]
[Black "Lopez Del Alamo, Antonio"]
[WhiteFideId "2151898"]
[BlackFideId "2227339"]
[WhiteElo "2034"]
[BlackElo "2082"]
[Result "1-0"]
[Round "04"]
[TimeControl "180+1"]
[Date "2022.04.26"]
[WhiteClock "0:02:07"]
[BlackClock "0:02:15"]

1. e4 c5 2. Nf3 e6 3. d4 cxd4 4. Nxd4 Nf6 5. Bd3 Nc6 6. c3 d5 7. Nxc6 bxc6 8. e5 Nd7 9. f4 g6 10. O-O Bg7 11. b4 a5 12. Be3 axb4 13. cxb4 O-O 14. a4 f6 15. exf6 Qxf6 16. Ra2 Ba6 17. Bxa6 Rxa6 18. Qd3 Rfa8 19. a5 c5 20. bxc5 Rxa5 21. Rxa5 Rxa5 22. c6 Nf8 23. Rc1 Ra8 24. c7 Rc8 25. Qa6 1-0


[Site "https://www.chess.com"]

[Event "Titled Tuesday Blitz April 26 Late 2022"]
[White "Vidonyak, Roman"]
[Black "Ricaurte Lopez, Juan Carlos"]
[WhiteFideId "14100622"]
[BlackFideId "3600327"]
[WhiteElo "2384"]
[BlackElo "2209"]
[Result "1-0"]
[Round "04"]
[TimeControl "180+1"]
[Date "2022.04.26"]
[WhiteClock "0:01:54"]
[BlackClock "0:00:07"]

1. d4 Nf6 2. c4 e6 3. Nc3 d5 4. cxd5 exd5 5. Bg5 c6 6. e3 Bd6 7. Bd3 h6 8. Bh4 Qb6 9. Qc2 g5 10. Bg3 Bxg3 11. hxg3 Bg4 12. Nge2 Nbd7 13. O-O-O O-O-O 14. Kb1 Kb8 15. Rc1 Bxe2 16. Qxe2 Rde8 17. Qc2 Nf8 18. Na4 Qc7 19. Nc5 Ne6 20. b4 Nxc5 21. Qxc5 Qe7 22. Qc3 Ne4 23. Qb2 Qf6 24. Rhf1 Nd6 25. a4 a6 26. Rc5 h5 27. Rfc1 Ne4 28. Bxe4 Rxe4 29. b5 axb5 30. axb5 Re6 31. bxc6 1-0


[Site "https://www.chess.com"]

[Event "Titled Tuesday Blitz April 26 Late 2022"]
[White "Vlassov, Nikolai"]
[Black "Sailer, Mike"]
[WhiteFideId "4103360"]
[BlackFideId "2012901"]
[WhiteElo "2407"]
[BlackElo "2109"]
[Result "1-0"]
[Round "04"]
[TimeControl "180+1"]
[Date "2022.04.26"]
[WhiteClock "0:00:09"]
[BlackClock "0:00:01"]

1. e4 d5 2. exd5 Qxd5 3. Nc3 Qd6 4. Nf3 Nf6 5. d4 c6 6. g3 Bf5 7. Bg2 e6 8. O-O Be7 9. Bf4 Qd8 10. Re1 O-O 11. Qe2 h6 12. Rad1 Nbd7 13. h3 Nb6 14. Ne5 Nbd5 15. Bc1 Nxc3 16. bxc3 Qa5 17. g4 Bh7 18. f4 Qxc3 19. g5 hxg5 20. fxg5 Nd5 21. g6 Bxg6 22. Nxg6 fxg6 23. Qxe6+ Kh7 24. Rd3 Qxc2 25. Rd2 Qf5 26. Bxd5 Bb4 27. Qxf5 Rxf5 28. Bb3 Raf8 29. Rde2 Bxe1 30. Rxe1 Rf3 31. Kg2 Rd3 32. Ba3 Rff3 33. Bd6 Rxd4 34. Kxf3 Rxd6 35. Re7 b5 36. Rxa7 c5 37. Rb7 c4 38. Bc2 Rd5 39. Be4 Re5 40. Rb6 1-0


[Site "https://www.chess.com"]

[Event "Titled Tuesday Blitz April 26 Late 2022"]
[White "Ward, Ieuan C"]
[Black "Moral Garcia, Serafin"]
[WhiteFideId "406627"]
[BlackFideId "2201925"]
[WhiteElo "2295"]
[BlackElo "2228"]
[Result "1-0"]
[Round "04"]
[TimeControl "180+1"]
[Date "2022.04.26"]
[WhiteClock "0:00:45"]
[BlackClock "0:01:27"]

1. d4 Nf6 2. c4 g6 3. Nc3 d5 4. cxd5 Nxd5 5. e4 Nxc3 6. bxc3 Bg7 7. Nf3 c5 8. Rb1 O-O 9. Be2 Nc6 10. d5 Ne5 11. Nxe5 Bxe5 12. Bd2 Qd6 13. h3 f5 14. exf5 Bxf5 15. Rxb7 Be4 16. c4 Bxg2 17. Rg1 Be4 18. Be3 Bc3+ 19. Kf1 Qh2 20. Bg4 h5 21. Be6+ Kh8 22. Rxe7 Rf6 23. Rg5 Raf8 24. Rxh5+ 1-0


[Site "https://www.chess.com"]

[Event "Titled Tuesday Blitz April 26 Late 2022"]
[White "Wieczorek, Oskar"]
[Black "Pourkashiyan, Atousa"]
[WhiteFideId "1133950"]
[BlackFideId "12502014"]
[WhiteElo "2319"]
[BlackElo "2247"]
[Result "1/2-1/2"]
[Round "04"]
[TimeControl "180+1"]
[Date "2022.04.26"]
[WhiteClock "0:00:50"]
[BlackClock "0:00:33"]

1. e4 e5 2. Nf3 Nf6 3. Nc3 Bb4 4. d3 d5 5. exd5 Nxd5 6. Bd2 Bxc3 7. bxc3 Nc6 8. g3 O-O 9. Bg2 Nf6 10. Ng5 Bg4 11. Bf3 Qd7 12. Ne4 Bxf3 13. Nxf6+ gxf6 14. Qxf3 f5 15. Bh6 Rfe8 16. O-O Qe6 17. Qh5 Qg6 18. Qh4 Qg4 19. Qxg4+ fxg4 20. Rab1 b6 21. f3 Re6 22. Be3 gxf3 23. Rxf3 Ne7 24. Rbf1 f5 25. Bg5 e4 26. dxe4 fxe4 27. Rf7 Re8 28. Be3 c5 29. c4 Nc6 30. Rc7 R8e7 31. Rc8+ Re8 32. Rc7 R8e7 33. Rc8+ Re8 34. Rc7 1/2-1/2


[Site "https://www.chess.com"]

[Event "Titled Tuesday Blitz April 26 Late 2022"]
[White "Xiong, Jeffery"]
[Black "Piesik, Piotr"]
[WhiteFideId "2047640"]
[BlackFideId "1136194"]
[WhiteElo "2727"]
[BlackElo "2190"]
[Result "1-0"]
[Round "04"]
[TimeControl "180+1"]
[Date "2022.04.26"]
[WhiteClock "0:00:10"]
[BlackClock "0:00:01"]

1. e4 g6 2. d4 Bg7 3. Nf3 c6 4. c4 d5 5. cxd5 cxd5 6. e5 Nc6 7. Bb5 Bg4 8. Bxc6+ bxc6 9. Nbd2 c5 10. O-O cxd4 11. Qa4+ Qd7 12. Qxd4 Bxf3 13. Nxf3 e6 14. b3 Ne7 15. Ba3 O-O 16. Qh4 Rfe8 17. Rfe1 Rac8 18. Nd4 Nc6 19. Nxc6 Rxc6 20. Bd6 Rxd6 21. exd6 Bxa1 22. Rxa1 Qxd6 23. Rc1 d4 24. Qe4 Rd8 25. Qd3 e5 26. f3 Qd5 27. Rc7 Rd7 28. Rc8+ Kg7 29. g4 Re7 30. Rc4 Qa5 31. Rc2 Qe1+ 32. Kg2 Qh4 33. h3 Qg5 34. Qe4 f5 35. Qd5 fxg4 36. hxg4 Qf6 37. Rc5 Qf4 38. Qd6 Qf6 39. Qd5 Qe6 40. Qe4 Qf6 41. a4 Qg5 42. Qxd4 h5 43. Qe4 hxg4 44. fxg4 Qd2+ 45. Kg3 Qd6 46. b4 Qe6 47. Rc6 Qb3+ 48. Kh4 Re6 49. Rc7+ Kf8 50. Qa8+ Re8 51. Qxa7 Qe6 52. Qc5+ 1-0


[Site "https://www.chess.com"]

[Event "Titled Tuesday Blitz April 26 Late 2022"]
[White "Yedidia, Daniel"]
[Black "Rasulov, Vugar"]
[WhiteFideId "30905907"]
[BlackFideId "13402390"]
[WhiteElo "2602"]
[BlackElo "2560"]
[Result "0-1"]
[Round "04"]
[TimeControl "180+1"]
[Date "2022.04.26"]
[WhiteClock "0:01:03"]
[BlackClock "0:01:29"]

1. d4 Nf6 2. c4 e6 3. Nc3 Bb4 4. e3 O-O 5. Bd3 d5 6. Nf3 c5 7. O-O Bxc3 8. bxc3 dxc4 9. Bxc4 Qc7 10. Be2 Nbd7 11. h3 b6 12. Nd2 Bb7 13. Bf3 e5 14. Nb3 Rfd8 15. Qe2 e4 16. Bg4 Nf8 17. Ba3 g6 18. h4 Ba6 19. Qd1 Bxf1 20. Kxf1 Qh2 21. Bh3 Ne6 22. Ke2 Rac8 23. Nd2 Nd5 24. Nxe4 f5 25. c4 Ndf4+ 26. exf4 Nxf4+ 27. Ke3 Nxh3 28. gxh3 Re8 29. f3 fxe4 30. fxe4 cxd4+ 31. Qxd4 Qg3+ 32. Ke2 Rcd8 33. Qe3 Qh2+ 34. Kf1 Rf8+ 35. Ke1 Qh1+ 36. Ke2 Qxa1 0-1


[Site "https://www.chess.com"]

[Event "Titled Tuesday Blitz April 26 Late 2022"]
[White "Yoo, Christopher Woojin"]
[Black "Taichman, Ori"]
[WhiteFideId "30909694"]
[BlackFideId "2804069"]
[WhiteElo "2105"]
[BlackElo "2227"]
[Result "1-0"]
[Round "04"]
[TimeControl "180+1"]
[Date "2022.04.26"]
[WhiteClock "0:00:29"]
[BlackClock "0:00:15"]

1. e4 c5 2. Nf3 Nc6 3. b4 cxb4 4. d4 d5 5. exd5 Qxd5 6. c4 Qd6 7. Bb2 e6 8. Nbd2 Nf6 9. g3 Be7 10. Bg2 O-O 11. O-O a5 12. a3 Ra6 13. c5 Qc7 14. Nc4 Nd5 15. Rc1 Rd8 16. Qe2 Bf6 17. Rfd1 Bd7 18. h4 Na7 19. Nd6 Ba4 20. Rd2 Nc3 21. Bxc3 bxc3 22. Rd3 c2 23. Ne5 Nb5 24. Nexf7 Nxd4 25. Rxd4 Bxd4 26. Nxd8 Rxd6 27. cxd6 Qxd6 28. Nxe6 Bb2 29. Rxc2 Bxc2 30. Qxc2 Bxa3 31. Ng5 h6 32. Qh7+ Kf8 33. Qh8+ Ke7 34. Qxg7+ Ke8 35. Qf7+ Kd8 36. Ne6+ Kc8 37. Qxb7# 1-0


[Site "https://www.chess.com"]

[Event "Titled Tuesday Blitz April 26 Late 2022"]
[White "Yurasova, Daria"]
[Black "Adewumi, Tanitoluwa"]
[WhiteFideId "34146919"]
[BlackFideId "30966396"]
[WhiteElo "2064"]
[BlackElo "2537"]
[Result "1/2-1/2"]
[Round "04"]
[TimeControl "180+1"]
[Date "2022.04.26"]
[WhiteClock "0:00:33"]
[BlackClock "0:00:11"]

1. d4 Nf6 2. Nf3 e6 3. c4 b6 4. g3 Bb7 5. Bg2 Be7 6. O-O O-O 7. Nc3 Ne4 8. Qc2 Nxc3 9. bxc3 f5 10. Rd1 d6 11. a4 a5 12. Ba3 Nd7 13. Ng5 Bxg5 14. Bxb7 Rb8 15. Bg2 Be7 16. c5 d5 17. c4 Nf6 18. cxb6 Bxa3 19. Rxa3 Rxb6 20. cxd5 Nxd5 21. Qc5 Qd6 22. Bxd5 Qxd5 23. Qxd5 exd5 24. Rc1 Rb4 25. e3 Rc4 26. Rxc4 dxc4 27. Rc3 Rb8 28. Rxc4 Rb4 29. Rxc7 Rxa4 30. Ra7 Ra1+ 31. Kg2 g5 32. d5 a4 33. d6 Rd1 34. d7 Kf8 35. Rxa4 Rxd7 36. Ra5 Rf7 37. Ra6 Kg7 38. e4 fxe4 39. Ra4 Re7 40. Ra5 Kg6 41. Ra6+ Kf5 42. Ra5+ Re5 43. Ra7 h5 44. Rf7+ Kg6 45. Ra7 Re6 46. Ra3 Rb6 47. Re3 Rb4 48. Re2 Kf5 49. Ra2 Rb5 50. Re2 Rd5 51. Ra2 h4 52. gxh4 gxh4 53. Kh3 Kf4 54. Ra8 Rf5 55. Re8 Kf3 56. Kxh4 Rf4+ 57. Kg5 Rg4+ 58. Kf5 Rh4 59. h3 Rh5+ 60. Kg6 Rxh3 61. Rf8+ Kg4 62. Re8 Kf4 63. Rf8+ Kg4 64. Re8 Kf3 65. Rf8+ Ke2 66. Re8 Kd3 67. Rd8+ Kc4 68. Re8 Kd5 69. Rd8+ Ke5 70. Re8+ Kf4 71. Rf8+ Kg4 1/2-1/2


[Site "https://www.chess.com"]

[Event "Titled Tuesday Blitz April 26 Late 2022"]
[White "Zhigalko, Sergei"]
[Black "Janik, Igor"]
[WhiteFideId "13502956"]
[BlackFideId "1159259"]
[WhiteElo "2662"]
[BlackElo "2437"]
[Result "1-0"]
[Round "04"]
[TimeControl "180+1"]
[Date "2022.04.26"]
[WhiteClock "0:01:07"]
[BlackClock "0:00:17"]

1. e4 c6 2. d4 d5 3. e5 c5 4. Nf3 Bg4 5. dxc5 e6 6. a3 Bxc5 7. b4 Bb6 8. Bb2 Ne7 9. Nbd2 Ng6 10. h3 Bxf3 11. Nxf3 Nc6 12. Bd3 Nh4 13. O-O Nxf3+ 14. Qxf3 Qh4 15. Rae1 O-O 16. Kh1 g6 17. Kh2 Bd4 18. g3 Qe7 19. Bxd4 Nxd4 20. Qe3 Nc6 21. f4 Kg7 22. g4 Rfe8 23. b5 Nd8 24. f5 Qxa3 25. h4 Rc8 26. h5 Qc5 27. Qg5 Kh8 28. fxg6 fxg6 29. Qf6+ Kg8 30. hxg6 1-0


[Site "https://www.chess.com"]

[Event "Titled Tuesday Blitz April 26 Late 2022"]
[White "Zhurbinsky, David"]
[Black "Xu, Yi"]
[WhiteFideId "2072904"]
[BlackFideId "8605564"]
[WhiteElo "2561"]
[BlackElo "2471"]
[Result "0-1"]
[Round "04"]
[TimeControl "180+1"]
[Date "2022.04.26"]
[WhiteClock "0:00:08"]
[BlackClock "0:00:17"]

1. e4 c5 2. Nf3 d6 3. d4 cxd4 4. Nxd4 Nf6 5. f3 e5 6. Nb3 d5 7. Bg5 d4 8. c3 Nc6 9. Bb5 h6 10. Bxf6 Qxf6 11. cxd4 exd4 12. Qxd4 Qg5 13. Bxc6+ bxc6 14. Nc3 Be7 15. Qd2 Qh4+ 16. g3 Qh5 17. Qe2 O-O 18. O-O a5 19. Kh1 Ba6 20. Qf2 Bxf1 21. Rxf1 a4 22. Nd2 Bf6 23. Qe3 a3 24. b3 Qa5 25. Na4 Rfd8 26. Nc4 Qb4 27. e5 Be7 28. e6 Rxa4 29. exf7+ Kf8 30. Ne5 Ra6 31. Ng6+ Kxf7 32. Ne5+ Kg8 33. Qe2 Qb5 34. Qe1 Bf6 35. Nc4 Raa8 36. Qe6+ Kh8 37. Qf7 Qd5 38. Qg6 Rf8 39. Rg1 Qxf3+ 40. Rg2 Rad8 41. h4 Rd1+ 42. Kh2 Qf1 43. Kh3 Re1 44. Nd6 Re2 45. Nf5 Qxg2+ 46. Kg4 Re4+ 47. Kh5 Qf3+ 48. g4 Qxg4+ 49. Qxg4 Rxg4 50. Nxg7 Bxg7 51. b4 Rxb4 52. Kg6 Rg4+ 53. Kh5 Rxh4+ 54. Kg6 Rf6# 0-1


[Site "https://www.chess.com"]

[Event "Titled Tuesday Blitz April 26 Late 2022"]
[White "Zlatin, Alexander"]
[Black "Peterson, Eric"]
[WhiteFideId "2810549"]
[BlackFideId "14908395"]
[WhiteElo "2228"]
[BlackElo "2195"]
[Result "1-0"]
[Round "04"]
[TimeControl "180+1"]
[Date "2022.04.26"]
[WhiteClock "0:00:55"]
[BlackClock "0:00:43"]

1. d4 e6 2. Nc3 d5 3. Bf4 Bd6 4. e3 Bxf4 5. exf4 Qd6 6. Qd2 Nf6 7. Nf3 O-O 8. Bd3 c5 9. dxc5 Qxc5 10. Qe3 Qb4 11. O-O Nc6 12. a3 Qd6 13. Nb5 Qe7 14. Nbd4 g6 15. Rfe1 Re8 16. Ne5 Nxd4 17. Qxd4 Bd7 18. g4 Rad8 19. g5 Nh5 20. Ng4 f6 21. gxf6 Qd6 22. Nh6+ Kf8 23. f7 Qxf4 24. fxe8=Q+ Rxe8 25. Qxf4+ Nxf4 26. Ng4 1-0


[Site "https://www.chess.com"]

[Event "Titled Tuesday Blitz April 26 Late 2022"]
[White "Zor, Alber Kadir"]
[Black "Fishbein, Alexander"]
[WhiteFideId "6353169"]
[BlackFideId "2000377"]
[WhiteElo "1966"]
[BlackElo "2442"]
[Result "1-0"]
[Round "04"]
[TimeControl "180+1"]
[Date "2022.04.26"]
[WhiteClock "0:02:05"]
[BlackClock "0:00:04"]

1. e4 c5 2. Nf3 d6 3. d4 cxd4 4. Nxd4 Nf6 5. Nc3 Nc6 6. Bg5 e6 7. Qd3 Be7 8. O-O-O O-O 9. h4 Bd7 10. f3 Nxd4 11. Qxd4 Bc6 12. g4 Qc7 13. Bd3 Qb6 14. Qxb6 axb6 15. a3 Rfc8 16. Nb5 Bxb5 17. Bxb5 Rc5 18. a4 Rac8 19. c3 R5c7 20. Be3 Nd7 21. Bxd7 Rxd7 22. Bxb6 Ra8 23. a5 Bd8 24. Bxd8 Rdxd8 25. b4 b6 26. axb6 Ra2 27. b7 Ra6 28. Kb2 Rb6 29. Rd4 Rxb7 30. Rhd1 Rb6 31. Kb3 Kf8 32. c4 Rdb8 33. b5 Ke7 34. Kb4 Ra8 35. e5 dxe5 36. Rd7+ Kf6 37. c5 Rbb8 38. b6 Ra2 39. R1d3 Rb2+ 40. Rb3 Rc2 41. Kb5 Rc8 42. Rc7 Rb8 43. b7 e4 44. fxe4 Ke5 45. Kb6 Kxe4 46. Rc8 Rxb7+ 47. Kxb7 1-0


[Site "https://www.chess.com"]

[Event "Titled Tuesday Blitz April 26 Late 2022"]
[White "Zumsande, Martin"]
[Black "Oro, Luis"]
[WhiteFideId "4651324"]
[BlackFideId "104094"]
[WhiteElo "2368"]
[BlackElo "2395"]
[Result "1-0"]
[Round "04"]
[TimeControl "180+1"]
[Date "2022.04.26"]
[WhiteClock "0:01:06"]
[BlackClock "0:00:07"]

1. e4 c5 2. c3 Nf6 3. e5 Nd5 4. d4 cxd4 5. cxd4 d6 6. Bc4 Nb6 7. Bb5+ Bd7 8. e6 fxe6 9. Bd3 g6 10. h4 Bc6 11. h5 Bg7 12. Nf3 gxh5 13. Ng5 Kd7 14. Qxh5 Qf8 15. Be3 Nd5 16. Qg4 Qf6 17. Nxe6 Nxe3 18. fxe3 Bh6 19. Rf1 Qxe6 20. Bf5 Bd5 21. Nc3 Bc4 22. d5 Qxf5 23. Rxf5 1-0


[Site "https://www.chess.com"]

[Event "Titled Tuesday Blitz April 26 Late 2022"]
[White "volunteers1998"]
[Black "Manukyan, Sargis A."]
[BlackFideId "13303970"]
[WhiteElo "2288"]
[BlackElo "2187"]
[Result "0-1"]
[Round "04"]
[TimeControl "180+1"]
[Date "2022.04.26"]
[WhiteClock "0:00:02"]
[BlackClock "0:00:11"]

1. e4 c5 2. Nf3 d6 3. d4 cxd4 4. Nxd4 Nf6 5. Nc3 g6 6. f3 Bg7 7. Be3 O-O 8. Qd2 Nc6 9. g4 Nxd4 10. Bxd4 Be6 11. h4 Qa5 12. h5 Rfc8 13. hxg6 hxg6 14. O-O-O Rab8 15. Kb1 Rxc3 16. Qxc3 Qxa2+ 17. Kc1 Qa4 18. Bd3 Rc8 19. b3 Qa3+ 20. Qb2 Qxb3 21. Qxb3 Bxb3 22. Kb2 Be6 23. g5 Nh5 24. Bxg7 Kxg7 25. Ra1 a6 26. Rhf1 Nf4 27. Rad1 Rc6 28. Rd2 b5 29. Rh2 Rb6 30. Rfh1 Nh5 31. f4 Bg4 32. f5 a5 33. fxg6 fxg6 34. e5 dxe5 35. Re1 Re6 36. Bxb5 e4 37. Bc4 Re5 38. Kc3 Nf4 39. Kd4 Rxg5 40. Rxe4 Nh5 41. Rxe7+ Kh6 0-1


[Site "https://www.chess.com"]

[Event "Titled Tuesday Blitz April 26 Late 2022"]
[White "Akrakan"]
[Black "Lorenzo De La Riva, Lazaro"]
[BlackFideId "2268809"]
[WhiteElo "2114"]
[BlackElo "2325"]
[Result "0-1"]
[Round "05"]
[TimeControl "180+1"]
[Date "2022.04.26"]
[WhiteClock "0:00:13"]
[BlackClock "0:00:08"]

1. e4 e5 2. Nf3 Nc6 3. Bc4 Nf6 4. Ng5 d5 5. exd5 Na5 6. d3 h6 7. Nf3 e4 8. Qe2 Nxc4 9. dxc4 Bc5 10. c3 O-O 11. Nd4 c6 12. dxc6 Bxd4 13. cxd4 Qxd4 14. cxb7 Bxb7 15. Be3 Qe5 16. Nc3 Qf5 17. O-O Ng4 18. h3 Ne5 19. Rad1 Nf3+ 20. Kh1 Qe5 21. g3 Qe6 22. Kg2 f5 23. Nd5 g5 24. Nc7 Qg6 25. Nxa8 f4 26. Nc7 g4 27. Nd5 gxh3+ 28. Kh1 Bxd5 29. Rxd5 fxe3 30. Qxe3 Ng5 31. Re1 Qf6 32. Re2 Rf7 33. g4 Qe6 34. Rd8+ Kh7 35. Rd5 Qxg4 36. Rxg5 hxg5 37. Qxe4+ Qxe4+ 38. Rxe4 Rxf2 39. Re7+ Kg6 40. Rxa7 g4 41. Ra3 Rxb2 42. Rc3 Kg5 43. c5 Kh4 44. c6 g3 45. Rc1 Rb8 46. c7 Rc8 47. a4 Kg4 48. a5 Kf3 49. a6 h2 50. Rc3+ Kf2 51. Rc2+ Kf3 52. Rc3+ Kf2 53. Rc2+ Ke1 54. Kg2 Rh8 55. Kh1 Rc8 56. a7 Kf1 57. a8=Q Rxa8 58. Rc1+ Kf2 59. Rc2+ Kf1 60. Rc1+ Kf2 61. Rc2+ Kf3 62. Rc1 g2+ 63. Kxh2 Rh8+ 64. Kg1 Rh1# 0-1


[Site "https://www.chess.com"]

[Event "Titled Tuesday Blitz April 26 Late 2022"]
[White "Alekseenko, Kirill"]
[Black "Wieczorek, Oskar"]
[WhiteFideId "4135539"]
[BlackFideId "1133950"]
[WhiteElo "2682"]
[BlackElo "2319"]
[Result "1-0"]
[Round "05"]
[TimeControl "180+1"]
[Date "2022.04.26"]
[WhiteClock "0:00:27"]
[BlackClock "0:00:01"]

1. e4 e6 2. d4 d5 3. e5 c5 4. c3 Nc6 5. Nf3 Bd7 6. Be2 f6 7. O-O fxe5 8. Nxe5 Nxe5 9. dxe5 Qc7 10. Bf4 O-O-O 11. Nd2 Nh6 12. c4 d4 13. Bf3 Bc6 14. Bxc6 Qxc6 15. Bxh6 gxh6 16. Qf3 Qxf3 17. Nxf3 h5 18. Nd2 d3 19. h4 Bh6 20. f4 Rhg8 21. Kh2 Rd4 22. g3 Rgd8 23. a4 Bf8 24. Kg2 Be7 25. b3 R8d7 26. Rad1 Bd8 27. Kf3 Ba5 28. Ke3 Bxd2+ 29. Rxd2 Kc7 30. f5 exf5 31. Rxf5 Rg4 32. Rg5 Rg7 33. Rxg7+ Rxg7 34. Kf4 Rg4+ 35. Kf3 Rd4 36. Ke3 Rg4 37. Rxd3 Rxg3+ 38. Ke4 Rg4+ 39. Kf5 Rxh4 40. e6 Rd4 41. Rg3 Rd1 42. Rg7+ Kc6 43. Rxh7 Rf1+ 44. Ke5 Re1+ 45. Kf6 Rf1+ 46. Ke7 Rf5 47. Ke8 b6 48. e7 Kc7 49. Rf7 Rg5 50. Kf8 1-0


[Site "https://www.chess.com"]

[Event "Titled Tuesday Blitz April 26 Late 2022"]
[White "Andreikin, Dmitry"]
[Black "Shirov, Alexei"]
[WhiteFideId "4158814"]
[BlackFideId "2209390"]
[WhiteElo "2736"]
[BlackElo "2678"]
[Result "0-1"]
[Round "05"]
[TimeControl "180+1"]
[Date "2022.04.26"]
[WhiteClock "0:00:55"]
[BlackClock "0:00:40"]

1. d4 d5 2. c4 c6 3. Nf3 Nf6 4. Ne5 Nbd7 5. cxd5 Nxe5 6. dxe5 Nxd5 7. e4 Nb4 8. Qb3 Qd4 9. Be3 Qxe4 10. Nc3 Nc2+ 11. Kd2 Nxa1 12. Qxf7+ Kxf7 13. Nxe4 Bf5 14. Bc4+ e6 15. Ng5+ Kg6 16. Rxa1 Re8 17. g4 Bb4+ 18. Ke2 Bxg4+ 19. f3 h6 20. fxg4 hxg5 21. Bd3+ Kf7 22. Rf1+ Kg8 23. Rf2 Rf8 24. Rg2 Be7 25. Bc4 Kf7 26. Bxa7 Ra8 27. Be3 Ra4 28. Rf2+ Ke8 29. Bxe6 Re4 30. Bf7+ Kd8 31. Kd3 Rxe3+ 32. Kxe3 Bc5+ 33. Kf3 Bxf2 34. Kxf2 Rxh2+ 35. Ke3 Rxb2 36. Ke4 Ke7 37. Bg8 g6 38. Kd4 Rb4+ 39. Kc5 Rxg4 40. Bb3 Re4 41. Kb6 g4 0-1


[Site "https://www.chess.com"]

[Event "Titled Tuesday Blitz April 26 Late 2022"]
[White "Araujo Filho, Luiz Antonio Coel"]
[Black "Fiol, Fabrice"]
[WhiteFideId "2130661"]
[BlackFideId "611670"]
[WhiteElo "2313"]
[BlackElo "2451"]
[Result "0-1"]
[Round "05"]
[TimeControl "180+1"]
[Date "2022.04.26"]
[WhiteClock "0:00:01"]
[BlackClock "0:00:07"]

1. d4 Nf6 2. Nf3 e6 3. e3 b6 4. Bd3 Bb7 5. Nbd2 c5 6. c3 Be7 7. Qe2 d6 8. O-O Nbd7 9. e4 e5 10. d5 g6 11. Re1 a6 12. Nf1 O-O 13. Ng3 b5 14. h4 c4 15. Bc2 h5 16. Ng5 Nc5 17. f4 exf4 18. Bxf4 Ng4 19. Rad1 Qb6 20. Be3 Bf6 21. Kh1 Rae8 22. Qf3 Be5 23. Nxh5 gxh5 24. Qf5 Nf6 25. Nh3 Nh7 26. Qxh5 Qd8 27. Ng5 Nxg5 28. Bxg5 Qd7 29. Bh6 Bc8 30. Rf1 Qg4 31. Qxg4+ Bxg4 32. Bxf8 Rxf8 33. Rde1 Kg7 34. b4 cxb3 35. axb3 Rh8 36. Kg1 Bxc3 37. Re3 Bd4 38. Re1 Rxh4 39. Kf2 Rh6 40. Kg3 Bxe3 41. Rxe3 Bd7 42. e5 dxe5 43. Rxe5 Rd6 44. Kf4 a5 45. g4 a4 46. bxa4 bxa4 47. Bb1 a3 48. Ba2 Ra6 49. g5 Ra4+ 50. Kf3 Nd3 51. Re3 Nc1 0-1


[Site "https://www.chess.com"]

[Event "Titled Tuesday Blitz April 26 Late 2022"]
[White "Arnold, Ken"]
[Black "Mangialardo, Tiago Carvalho"]
[WhiteFideId "2056836"]
[BlackFideId "2130718"]
[WhiteElo "2286"]
[BlackElo "2074"]
[Result "1-0"]
[Round "05"]
[TimeControl "180+1"]
[Date "2022.04.26"]
[WhiteClock "0:00:14"]
[BlackClock "0:00:01"]

1. d4 Nf6 2. c4 g6 3. Nf3 c5 4. Nc3 Bg7 5. e4 cxd4 6. Nxd4 d6 7. Be2 O-O 8. O-O Nc6 9. Be3 Bd7 10. Rc1 Rc8 11. Qd2 Re8 12. b3 a6 13. f3 Qa5 14. Rfd1 Ne5 15. Nd5 Qxd2 16. Rxd2 Nxd5 17. exd5 h6 18. h3 g5 19. Rdc2 Rc7 20. a4 Rec8 21. a5 Ng6 22. Kf2 Nf4 23. h4 Rc5 24. hxg5 hxg5 25. b4 R5c7 26. c5 Bb5 27. Bxb5 axb5 28. Bxf4 gxf4 29. Nf5 dxc5 30. Nxg7 1-0


[Site "https://www.chess.com"]

[Event "Titled Tuesday Blitz April 26 Late 2022"]
[White "Aroesti, Roee"]
[Black "Batsiashvili, Nino"]
[WhiteFideId "2817144"]
[BlackFideId "13602993"]
[WhiteElo "2068"]
[BlackElo "2192"]
[Result "1-0"]
[Round "05"]
[TimeControl "180+1"]
[Date "2022.04.26"]
[WhiteClock "0:00:30"]
[BlackClock "0:00:25"]

1. e4 c6 2. Nf3 d5 3. Nc3 dxe4 4. Nxe4 Nf6 5. Qe2 Nxe4 6. Qxe4 Be6 7. b3 Nd7 8. Bb2 a5 9. O-O-O a4 10. Kb1 Bd5 11. Qe3 axb3 12. axb3 Qa5 13. c4 Bxf3 14. gxf3 e6 15. Rg1 Qa2+ 16. Kc1 Ba3 17. Qc3 Nc5 18. Kc2 Na6 19. Ra1 Nb4+ 20. Kd1 O-O-O 21. Rxa2 Nxa2 22. Qxg7 Bxb2 23. Qxb2 Nb4 24. Be2 Rhg8 25. Rxg8 Rxg8 26. d4 Rg2 27. Qa3 Na6 28. Qf8+ Kc7 29. Qxf7+ Kb8 30. Qxe6 Rxf2 31. Qg8+ Ka7 32. Qg1 1-0


[Site "https://www.chess.com"]

[Event "Titled Tuesday Blitz April 26 Late 2022"]
[White "Aung Thant Zin"]
[Black "Kanyamarala, Tarun"]
[WhiteFideId "13000063"]
[BlackFideId "45004714"]
[WhiteElo "2278"]
[BlackElo "2177"]
[Result "0-1"]
[Round "05"]
[TimeControl "180+1"]
[Date "2022.04.26"]
[WhiteClock "0:00:21"]
[BlackClock "0:00:43"]

1. e4 c6 2. d4 d6 3. Nc3 Nf6 4. f4 g6 5. Nf3 Bg7 6. Bd3 O-O 7. O-O Bg4 8. Kh1 Nbd7 9. h3 Bxf3 10. Qxf3 e5 11. dxe5 dxe5 12. f5 Nc5 13. Be3 Nxd3 14. Rad1 Qa5 15. Rxd3 Rad8 16. Rxd8 Rxd8 17. Bg5 Rd6 18. Rd1 Qd8 19. fxg6 hxg6 20. Rd3 Rxd3 21. cxd3 Qd6 22. Be3 Qxd3 23. Bxa7 Qc2 24. b3 Nh5 25. Bg1 Bh6 26. b4 Bf4 27. Ne2 Qxe2 0-1


[Site "https://www.chess.com"]

[Event "Titled Tuesday Blitz April 26 Late 2022"]
[White "Babazada, Khazar"]
[Black "Karttunen, Mika"]
[WhiteFideId "13413554"]
[BlackFideId "502081"]
[WhiteElo "2406"]
[BlackElo "2343"]
[Result "1-0"]
[Round "05"]
[TimeControl "180+1"]
[Date "2022.04.26"]
[WhiteClock "0:00:03"]
[BlackClock "0:00:01"]

1. e4 e5 2. Nf3 Nc6 3. Bb5 a6 4. Ba4 Nf6 5. O-O Be7 6. d3 d6 7. Nc3 O-O 8. h3 h6 9. a3 Be6 10. Bxc6 bxc6 11. Bd2 c5 12. b4 Nd7 13. bxc5 Nxc5 14. Be3 Nd7 15. Nd2 f5 16. exf5 Rxf5 17. Rb1 d5 18. d4 Bxa3 19. dxe5 Nxe5 20. Nb3 Nc4 21. Bc5 Bxc5 22. Nxc5 Bf7 23. Ne2 Qd6 24. Nd4 Rg5 25. Nd3 c5 26. Nf3 Rg6 27. Re1 Rf8 28. Rb7 Rf6 29. Qa1 d4 30. Ree7 Rxf3 31. gxf3 Nd2 32. Ne5 Qxe5 33. Rxe5 Nxf3+ 34. Kf1 Nxe5 35. Re7 Bc4+ 36. Ke1 Nf3+ 37. Kd1 Ng5 38. f4 Rxf4 39. Qa5 Rf1+ 40. Re1 Rf5 41. Qd8+ Kh7 42. h4 Nf3 43. Re8 Ne5 44. Kc1 Rf1+ 45. Kb2 h5 46. Rxe5 1-0


[Site "https://www.chess.com"]

[Event "Titled Tuesday Blitz April 26 Late 2022"]
[White "Baches Garcia, Guillermo"]
[Black "Ward, Ieuan C"]
[WhiteFideId "2209764"]
[BlackFideId "406627"]
[WhiteElo "2534"]
[BlackElo "2307"]
[Result "0-1"]
[Round "05"]
[TimeControl "180+1"]
[Date "2022.04.26"]
[WhiteClock "0:00:10"]
[BlackClock "0:00:16"]

1. e4 c5 2. Nf3 d6 3. d4 cxd4 4. Nxd4 Nf6 5. Nc3 a6 6. Bd3 e5 7. Nde2 Be7 8. O-O O-O 9. Ng3 Nc6 10. Nd5 Nxd5 11. exd5 Nb4 12. Be2 a5 13. c4 f5 14. f4 e4 15. Be3 Bf6 16. Rb1 Nxa2 17. c5 Nb4 18. c6 bxc6 19. dxc6 Be6 20. Qd2 Nxc6 21. Rfd1 d5 22. Bc5 Rf7 23. Bb5 Qc7 24. Rbc1 Qb7 25. Bxc6 Qxc6 26. Ne2 Qa6 27. Nd4 Rc8 28. Rc3 Rfc7 29. Rdc1 Bxd4+ 30. Qxd4 Bf7 31. Rg3 g6 32. Rgc3 Qb5 33. h4 Qe2 34. Qf6 Rxc5 35. h5 Rxc3 36. bxc3 Qe3+ 37. Kh2 Qxc1 0-1


[Site "https://www.chess.com"]